 Dungeon Crawl Stone Soup version 0.25-a0-796-gd415a3ffb0 (webtiles) character file.

Game seed: 18259847296553346818, levelgen mode: deterministic

8584 Esekla the Thaumaturge (level 11, -2/90 HPs)
             Began as a Tengu Venom Mage on Apr 18, 2020.
             Was a Priest of Ashenzari.
             Slain by a death scarab (20 damage)
             ... in a Gauntlet.
             The game lasted 02:09:00 (11437 turns).

Esekla the Thaumaturge (Tengu Venom Mage)          Turns: 11437, Time: 02:09:00

Health: -2/90      AC: 25    Str: 15    XL:     11   Next: 33%
Magic:  18/24      EV:  2    Int: 18    God:    Ashenzari [***...]
Gold:   676        SH:  0    Dex: 15    Spells: 17/27 levels left

rFire    . . .     SeeInvis +   V - +4 short sword
rCold    . . .     Gourm    .   (no shield)
rNeg     + + +     Faith    .   (armour currently unavailable)
rPois    +         Spirit   .   (helmet currently unavailable)
rElec    .         Reflect  .   (cloak currently unavailable)
rCorr    .         Harm     .   (gloves currently unavailable)
MR       .....     NoTele   +   (boots unavailable)
Stlth    +.........             r - amulet of regeneration (curse)
HPRegen  0.65/turn              j - +6 ring of strength (curse)
MPRegen  0.19/turn              Q - ring of poison resistance (curse)

@: confused, tree-form, slowed, lightly drained, very slow
A: able to fly
a: Fly, Curse Item, Scrying, Renounce Religion


You were in a Gauntlet.
You worshipped Ashenzari.
Ashenzari was most pleased with you.
You were very hungry.
You were a tree.
You visited 2 branches of the dungeon, and saw 12 of its levels.
You also visited: Ossuary and Gauntlet.

You collected 676 gold pieces.

Inventory:

Hand Weapons
 p - a +1 vampiric dagger
 E - a +0 long sword
 L - a +0 trident
 V - a +4 short sword (weapon)
Missiles
 g - 7 javelins
 i - 78 poisoned darts (quivered)
 w - 6 boomerangs
Armour
 G - a +0 pair of gloves (melded)
 P - a scarf of spirit shield
 U - a cursed +2 robe of cold resistance (melded)
 W - a +0 buckler
Jewellery
 a - an uncursed ring of positive energy
 d - a +2 ring of strength
 j - a cursed +6 ring of strength (left branch)
 l - a +2 ring of dexterity
 r - a cursed amulet of regeneration (around neck)
 J - an uncursed ring of fire
 Q - a cursed ring of poison resistance (right branch)
Wands
 M - a wand of random effects (16)
 N - a wand of paralysis (11)
 R - a wand of iceblast (9)
 S - a wand of acid (17)
 Z - a wand of disintegration (20)
Scrolls
 f - 4 scrolls of enchant armour {unknown}
 k - 4 scrolls of fear {unknown}
 n - 3 scrolls of magic mapping {unknown}
 o - 6 scrolls of teleportation
 q - 9 scrolls of remove curse
 s - 3 scrolls of amnesia {unknown}
 v - 3 scrolls of immolation {unknown}
 x - 2 scrolls of torment {unknown}
 y - a scroll of summoning {unknown}
 D - 2 scrolls of blinking {unknown}
 I - a scroll of random uselessness {unknown}
 K - a scroll of vulnerability {unknown}
 O - 2 scrolls of fog {unknown}
 X - a scroll of enchant weapon
Potions
 b - 2 potions of ambrosia
 e - a potion of magic
 h - 2 potions of curing
 m - 3 potions of might
 A - 2 potions of invisibility
 B - 3 potions of stabbing
Comestibles
 c - 23 rations


   Skills:
 + Level 3.1(2.8) Fighting
 + Level 4.4(4.6) Short Blades
 * Level 3.0(3.8) Long Blades
 - Level 2.8(2.5) Throwing
 + Level 4.5(4.1) Dodging
 - Level 2.0(1.7) Stealth
 * Level 8.5(8.2) Spellcasting
 + Level 7.9(10.5) Conjurations
 + Level 2.8(4.9) Hexes
 + Level 1.1(2.5) Transmutations
 + Level 5.1(7.6) Fire Magic
 + Level 8.2(10.7) Air Magic
 + Level 6.8(9.4) Poison Magic


You had 17 spell levels left.
You knew the following spells:

 Your Spells              Type           Power        Failure   Level  Hunger
a - Sting                 Tmut/Pois      ####         1%          1    None
b - Ignite Poison         Fire/Tmut/Pois ####....     1%          3    #......
c - Mephitic Cloud        Conj/Pois/Air  #####...     1%          3    #......
i - Corona                Hex            ####...      1%          1    None
v - Poisonous Vapours     Pois/Air       #####.       1%          2    None

Your spell library contained the following spells:

 Spells                   Type           Power        Failure   Level  Hunger
 Slow                     Hex            ####....     1%          2    None
 Olgreb's Toxic Radiance  Pois           #####...     1%          4    ###....
 Inner Flame              Hex/Fire       ####....     2%          3    #......
 Portal Projectile        Hex/Tloc       ###...       10%         3    #......
 Cause Fear               Hex            ####......   12%         4    ###....
 Leda's Liquefaction      Hex/Erth       ###.......   34%         4    ###....


Dungeon Overview and Level Annotations

Branches:
Dungeon (11/15)            Temple (1/1) D:6            Lair (0/6) D:9
    Orc (0/2) D:10        Ossuary (visited)         Gauntlet (1/1)

Altars:
Ashenzari
Cheibriados
Dithmenos
Elyvilon
Fedhas
Gozag
Hepliaklqana
Kikubaaqudgha
Makhleb
Nemelex Xobeh
Okawaru
Qazlal
Ru
Sif Muna
Trog
Uskayaw
Vehumet
Wu Jian
Xom
Yredelemnul
Zin
The Shining One
Lugonu

Annotations:
Gauntlet 11 transporters, 5 runed translucent doors


Innate Abilities, Weirdness & Mutations

((You have a beak for a mouth.))
((You have claws for feet.))
You can fly continuously.


Message History

* * * LOW HITPOINT WARNING * * *
The death scarab drains your vigour!
You feel as though you will be slow longer.
You feel much better. The death scarab barely misses you.
The death scarab bites you but does no damage.
Casting: Mephitic Cloud (safe; 1% risk of failure)
Confirm with . or Enter, or press ? or * to list all spells.
Aiming: Mephitic Cloud (safe; 1% risk of failure)
Press: ? - help, Shift-Dir - straight line, f/p - death scarab
Aim: a death scarab The ball explodes into a vile cloud!
The stinking cloud engulfs the death scarab but does no damage.
The stinking cloud engulfs you but does no damage.
The death scarab bites you!
* * * LOW HITPOINT WARNING * * *
The death scarab drains your vigour!
You feel as though you will be slow longer.
You are confused.
You feel invigorated. The death scarab bites you!!
You die...

####≈≈≈≈≈#### #≈≈...♣...≈≈#
#≈..∩...∩..≈# ####.....©.....####
#≈≈..#########..≈≈#
#≈...###..°###...≈#
####..♣.###...###.♣..####
#≈≈..PP.#..##'.○#..P..≈≈#
#≈..♣.P.#..#©#○♣#.P.♣..≈#
##..PP...#..+##○s#..P.P..####
≈..♣..P♣.###$).###.♣.PP♣..≈≈#
.........####©####.........≈#
..#######################...####
..#©.........©.........©#....≈≈#
############################..≈#
...H.ha#...........#w......#...##
.⌠.8.8.#...#≈#≈#...#..#....#.♣..≈


You could see a swamp worm and a death scarab.

Vanquished Creatures
  A two-headed ogre (D:10)
  An ugly thing (D:9)
  A cyclops (D:10)
  A centaur skeleton (D:10)
  A troll (D:10)
  Grinder (D:3)
  A hippogriff (D:9)
  A vampire (D:10)
  5 yaks (D:9)
  5 wraiths
  A hungry ghost (D:9)
  A spectral komodo dragon (Gauntlet)
  2 orc warriors (D:9)
  2 sky beasts
  3 phantoms
  2 black bears
  4 ice beasts
  5 ogres
  2 centaurs
  7 big kobolds (D:4)
  4 bullfrogs
  A wyvern skeleton (D:9)
  4 killer bees
  4 wights (D:8)
  A howler monkey (D:4)
  4 crimson imps
  4 jellies
  A human zombie (D:8)
  2 orc priests
  11 hounds
  Jessica (D:2)
  4 worker ants
  A human skeleton (D:8)
  8 orc wizards
  A howler monkey zombie (D:4)
  5 mummies
  A howler monkey skeleton (D:6)
  10 gnolls
  A worker ant zombie (D:4)
  11 adders
  4 shadow imps
  2 oozes
  3 adder zombies
  2 adder skeletons
  3 worms
  A dart slug (D:2)
  5 leopard geckos
  25 orcs
  4 giant cockroaches
  4 hobgoblins
  2 jackals (D:3)
  4 quokkas
  4 bats
  2 frilled lizards
  8 gnoll skeletons (Ossuary)
  11 goblins
  41 kobolds
  4 kobold skeletons (Ossuary)
  A leopard gecko skeleton (D:7)
  2 leopard gecko zombies
  13 orc skeletons (Ossuary)
  An orc zombie (D:8)
  A quokka skeleton (D:8)
  A quokka zombie (D:4)
  3 rats
277 creatures vanquished.

Notes
Turn   | Place    | Note
-------+----------+-------------------------------------------
     0 | D:1      | Esekla the Tengu Venom Mage began the quest for the Orb.
     0 | D:1      | Reached XP level 1. HP: 10/10 MP: 4/4
   476 | D:1      | Reached XP level 2. HP: 13/15 MP: 6/6
   486 | D:1      | Learned a level 2 spell: Poisonous Vapours
   663 | D:2      | Reached skill level 1 in Air Magic
   723 | D:2      | Reached XP level 3. HP: 20/20 MP: 2/7
   760 | D:2      | Noticed Jessica
   763 | D:2      | Killed Jessica
   763 | D:2      | Reached skill level 1 in Fighting
   976 | D:2      | Reached XP level 4. HP: 25/25 MP: 9/9
  1576 | D:2      | Learned a level 3 spell: Mephitic Cloud
  1634 | D:2      | Learned a level 3 spell: Ignite Poison
  1654 | D:3      | Found an iron altar of Okawaru.
  1979 | D:2      | Found an ancient bone altar of Kikubaaqudgha.
  1979 | D:2      | Found a shattered altar of Ashenzari.
  1984 | D:2      | Became a worshipper of Ashenzari the Shackled
  2231 | D:3      | Reached skill level 1 in Conjurations
  2238 | D:3      | Gained mutation: You can fly continuously. [Tengu growth]
  2238 | D:3      | Reached XP level 5. HP: 24/29 MP: 8/10
  2534 | D:3      | Reached XP level 6. HP: 18/34 MP: 12/12
  2598 | D:4      | Reached skill level 1 in Fire Magic
  2639 | D:4      | Reached skill level 1 in Short Blades
  2731 | D:4      | Noticed Grinder
  2744 | D:5      | Entered Level 5 of the Dungeon
  2798 | D:5      | Found a sand-covered staircase.
  2803 | Ossuary  | Entered an ossuary
  2803 | Ossuary  | Noticed a wraith
  2803 | Ossuary  | Noticed a wraith
  2803 | Ossuary  | Noticed a wraith
  3218 | Ossuary  | Noticed a wraith
  3401 | Ossuary  | Killed a wraith
  3401 | Ossuary  | Reached skill level 1 in Throwing
  3401 | Ossuary  | Reached XP level 7. HP: 18/39 MP: 7/14
  3633 | D:4      | Found a shadowy altar of Dithmenos.
  3676 | D:4      | Paralysed by Grinder for 3 turns
  4191 | D:3      | Reached * piety under Ashenzari
  4719 | D:4      | Paralysed by Grinder for 7 turns
  4876 | D:4      | Paralysed by Grinder for 7 turns
  4891 | D:3      | Killed Grinder
  4891 | D:3      | Reached skill level 1 in Long Blades
  5162 | D:4      | Reached XP level 8. HP: 33/44 MP: 3/16
  5407 | D:4      | Reached skill level 5 in Air Magic
  5545 | D:4      | Reached skill level 5 in Spellcasting
  6496 | D:6      | HP: 2/44 [orc wizard/puff of flame (10)]
  6497 | D:6      | Reached XP level 9. HP: 3/48 MP: 10/18
  6948 | D:6      | Found a staircase to the Ecumenical Temple.
  6976 | Temple   | Entered the Ecumenical Temple
  7360 | D:7      | Found a sparkling altar of Nemelex Xobeh.
  7361 | D:7      | Found an opulent altar of Gozag.
  7624 | D:7      | Learned a level 1 spell: Corona
  7684 | D:7      | Reached ** piety under Ashenzari
  7746 | D:7      | Found a basalt altar of Yredelemnul.
  7757 | D:7      | Found a bloodstained altar of Trog.
  7766 | D:7      | Found a snail-covered altar of Cheibriados.
  7771 | D:7      | Found a white marble altar of Elyvilon.
  7778 | D:7      | Found a stormy altar of Qazlal.
  7786 | D:7      | Found a radiant altar of Vehumet.
  7795 | D:7      | Found a glowing silver altar of Zin.
  8107 | D:8      | Reached skill level 5 in Poison Magic
  8503 | D:8      | Reached skill level 5 in Conjurations
  8877 | D:8      | Found an ancient bone altar of Kikubaaqudgha.
  8944 | D:8      | Reached skill level 1 in Hexes
  8952 | D:8      | Reached skill level 1 in Transmutations
  8952 | D:8      | Reached XP level 10. HP: 33/54 MP: 1/21
  9121 | D:9      | Found a sacrificial altar of Ru.
  9165 | D:9      | Noticed a purple ugly thing
  9191 | D:9      | Found a shimmering altar of Xom.
  9246 | D:9      | Found a staircase to the Lair.
  9424 | D:9      | Reached skill level 5 in Fire Magic
 10054 | D:9      | Killed a purple ugly thing
 10284 | D:10     | Entered Level 10 of the Dungeon
 10284 | D:10     | Reached *** piety under Ashenzari
 10394 | D:10     | Noticed a two-headed ogre
 10407 | D:10     | Killed a two-headed ogre
 10407 | D:10     | Reached XP level 11. HP: 52/60 MP: 13/24
 10721 | D:10     | Found a staircase to the Orcish Mines.
 10920 | D:10     | Noticed a cyclops
 10925 | D:10     | Killed a cyclops
 11083 | D:11     | Found a gate leading to a gauntlet.
 11097 | Gauntlet | Entered a Gauntlet
 11097 | Gauntlet | Found a transporter.
 11097 | Gauntlet | Found a runed translucent door.
 11097 | Gauntlet | Found a runed translucent door.
 11097 | Gauntlet | Noticed a death scarab
 11100 | Gauntlet | Found a transporter.
 11102 | Gauntlet | Found a transporter.
 11119 | Gauntlet | Found a transporter.
 11120 | Gauntlet | Found a transporter.
 11121 | Gauntlet | Noticed a white ugly thing
 11122 | Gauntlet | Noticed a cyan ugly thing
 11123 | Gauntlet | Found a runed translucent door.
 11123 | Gauntlet | Found a runed translucent door.
 11131 | Gauntlet | Noticed a glowing orange brain
 11133 | Gauntlet | Found a transporter.
 11134 | Gauntlet | Identified the ring of Pomalal {Fire Dex+2}
 11149 | Gauntlet | Found a transporter.
 11152 | Gauntlet | Noticed a death drake
 11165 | Gauntlet | Found a transporter.
 11174 | Gauntlet | Identified the ring "Oxish" {rElec rPois rF+ rN+ MR-}
 11174 | Gauntlet | Found a runed translucent gate.
 11175 | Gauntlet | Found a transporter.
 11175 | Gauntlet | Found a runed translucent gate.
 11176 | Gauntlet | Found a runed translucent gate.
 11177 | Gauntlet | Noticed a reaper
 11189 | Gauntlet | Found a transporter.
 11197 | Gauntlet | Identified the +3 ring mail of the Last Stories {Regen+}
 11198 | Gauntlet | Found a transporter.
 11199 | Gauntlet | Noticed an orb spider
 11202 | Gauntlet | Found a transporter.
 11206 | Gauntlet | an orb spider changed into a black mamba
 11232 | Gauntlet | Noticed a fire crab
 11242 | Gauntlet | a fire crab changed into a polar bear
 11275 | Gauntlet | Noticed an orb spider
 11279 | Gauntlet | an orb spider changed into a human
 11437 | Gauntlet | Slain by a death scarab

Levels and vault maps discovered:
D:1:      heliophobic_arrival_glass_houses, layout_basic, minivault_23,
          hangedman_decor_opposing
D:2:      layout_basic, gammafunk_temple_overflow_wave, uniq_jessica
D:3:      layout_basic, okawaru_ov_weapons_minmay
D:4:      minmay_goblin_kobold_castle, layout_cave_pools,
          grunt_dithmenos_shadows, serial_undead, serial_undead_b,
          serial_undead_a, serial_undead_b, serial_undead_c,
          serial_bayou_crossing, uniq_grinder
D:5:      layout_loops_ring, enter_ossuary_2, first_ration
D:6:      layout_rooms, temple_doors_e, minmay_misc_feat_cross
D:7:      layout_loops_ring, grunt_temple_overflow_opulence,
          grunt_temple_overflow_octagram, grunt_ogre_cave
D:8:      layout_basic, lemuel_mausoleum_altar_kikubaaqudgha
D:9:      layout_irregular_city, lemuel_round_altar,
          nicolae_ru_sacrificial_ziggurat, lair_entry_dummy
D:10:     layout_rooms, orc_0_dummy, small_statue_intersection
D:11:     layout_roguey, gauntlet_entry_generic
Temple:   corrupted_temple
Gauntlet: minmay_gauntlet_77_tree [minmay_gauntlet_arena_77_cramped,
          minmay_gauntlet_arena_77_double_cross,
          minmay_gauntlet_arena_77_museum, minmay_gauntlet_arena_77_shame_cube,
          minmay_gauntlet_arena_77_terracotta_army,
          minmay_gauntlet_arena_77_two_lines,
          minmay_gauntlet_arena_77_run_for_it, gauntlet_exit_green]

Skill      XL: |  1  2  3  4  5  6  7  8  9 10 |
---------------+-------------------------------+-----
Air Magic      | 1 2 3 4 6 7 8 |  8.2
Fighting       | 1 2 3 |  3.1
Spellcasting   | 3 4 5 7 8 |  8.5
Dodging        | 3 4 |  4.5
Conjurations   | 1 2 3 4 5 7 |  7.9
Fire Magic     | 2 3 4 5 |  5.1
Short Blades   | 1 2 4 |  4.4
Throwing       | 1 2 |  2.8
Long Blades    | 1 2 3 |  3.0
Poison Magic   | 4 5 6 |  6.8
Hexes          | 1 2 |  2.8
Transmutations | 1 |  1.1
Stealth        | |  2.0

Action                   |  1- 3 |  4- 6 |  7- 9 | 10-12 || total
-------------------------+-------+-------+-------+-------++-------
Melee: Dagger            |    19 |    68 |    43 |       ||   130
       Kick              |     4 |    30 |    91 |    47 ||   172
       Peck              |     4 |    19 |    52 |    31 ||   106
       Short sword       |     4 |     1 |    44 |   176 ||   225
       Falchion          |       |    21 |       |       ||    21
       Long sword        |       |       |   150 |       ||   150
Throw: Dart              |       |     2 |     2 |     5 ||     9
       Boomerang         |       |    43 |    34 |    44 ||   121
       Javelin           |       |       |     1 |       ||     1
 Cast: Sting             |     1 |       |       |       ||     1
       Poisonous Vapours |     6 |    25 |   110 |    58 ||   199
       Mephitic Cloud    |       |     5 |    20 |    22 ||    47
       Ignite Poison     |       |     4 |    14 |    10 ||    28
       Corona            |       |       |       |     3 ||     3
Invok: Curse Item        |       |     1 |     3 |       ||     4
 Abil: Fly               |       |       |     2 |       ||     2
       Stop Flying       |       |       |     2 |       ||     2
  Use: Scroll            |       |     8 |     6 |     3 ||    17
       Potion            |       |       |     1 |    13 ||    14
 Stab: Sleeping          |     2 |     4 |     9 |     2 ||    17
       Confused          |       |       |     1 |     1 ||     2
  Eat: Chunk             |       |     7 |    10 |     2 ||    19
       Ration            |       |     1 |     3 |     2 ||     6
Armor: Robe              |       |     6 |    33 |    34 ||    73
       Skin              |       |       |       |     5 ||     5
Dodge: Dodged            |    12 |    47 |   193 |   121 ||   373
       Rpst.: Falchion   |       |     2 |       |       ||     2
       Long sword        |       |       |    37 |       ||    37

Table legend:
 A = Non-vault XP
 B = Vault XP
 C = Vault XP percentage of total XP
 D = Non-vault monster count
 E = Vault monster count
 F = Vault count percentage of total count
                 A         B        C        D         E       F
            +---------+---------+-------+---------+---------+-------
      Total |    9721 |    2542 |  20.7 |     179 |      98 |  35.4
            +---------+---------+-------+---------+---------+-------
        D:1 |      10 |       0 |   0.0 |       7 |       0 |   0.0
        D:2 |      77 |      37 |  32.5 |      16 |       1 |   5.9
        D:3 |     247 |     272 |  52.4 |      28 |       1 |   3.4
        D:4 |     162 |     842 |  83.9 |      10 |      56 |  84.8
        D:5 |     193 |       0 |   0.0 |       3 |       0 |   0.0
        D:6 |     712 |       0 |   0.0 |      27 |       0 |   0.0
        D:7 |     236 |     122 |  34.1 |       9 |       1 |  10.0
        D:8 |     816 |     840 |  50.7 |      17 |      11 |  39.3
        D:9 |    3830 |       0 |   0.0 |      41 |       0 |   0.0
       D:10 |    3345 |       0 |   0.0 |      20 |       0 |   0.0
       D:11 |      93 |       0 |   0.0 |       1 |       0 |   0.0
    Ossuary |       0 |     246 | 100.0 |       0 |      27 | 100.0
   Gauntlet |       0 |     183 | 100.0 |       0 |       1 | 100.0
            +---------+---------+-------+---------+---------+-------
